 Dungeon Crawl Stone Soup version 0.29-a0-1043-g569b05d6ff (webtiles) character file.

Game seed: 14193974381453201698

176 greenreed the Shooter (level 5, 0/30 HPs)
             Began as a Deep Elf Arcane Marksman on Aug 15, 2022.
             Killed by nerve-wracking pain
             ... invoked by an orc priest
              (14 damage)
             ... on level 3 of the Dungeon.
             The game lasted 00:05:37 (2260 turns).

greenreed the Shooter (Deep Elf Arcane Marksman)    Turns: 2260, Time: 00:05:38

Health: 0/30       AC:  2    Str:  7    XL:     5   Next: 30%
Magic:  10/10      EV: 12    Int: 20    God:
Gold:   137        SH:  3    Dex: 15    Spells: 7/8 levels left

rFire   . . .      SeeInvis .   a - +1 sling
rCold   . . .      Faith    .   p - +0 buckler
rNeg    . . .      Spirit   .   c - +0 robe
rPois   .          Reflect  .   (no helmet)
rElec   .          Harm     .   (no cloak)
rCorr   +          Rampage  .   (no gloves)
Will    .....                   (no boots)
Stlth   +++.......              (no amulet)
HPRegen 0.10/turn               o - ring of the Moon {rCorr Stlth+}
MPRegen 0.12/turn               (no ring)

@: no status effects
A: no striking features
a: no special abilities


You were on level 3 of the Dungeon.
You visited 1 branch of the dungeon, and saw 3 of its levels.

You collected 137 gold pieces.

Inventory:

Hand Weapons
 a - a +1 sling (weapon)
 e - a +1 dagger of venom
Missiles
 i - 5 poisoned darts
Armour
 c - a +0 robe (worn)
 p - a +0 buckler (worn)
Jewellery
 o - the ring of the Moon (left hand) {rCorr Stlth+}
   (You found it on level 2 of the Dungeon)

   [ring of resist corrosion]

   rCorr:     It protects you from acid and corrosion.
   Stlth:     It makes you more stealthy.
 s - the amulet of the Demon Prince {Acrobat rElec Will+ rCorr}
   (You took it off an orc on level 3 of the Dungeon)

   [amulet of the acrobat]

   It increases your evasion while moving and waiting.
   rElec:     It insulates you from electricity.
   rCorr:     It protects you from acid and corrosion.
   Will:      It increases your willpower.
Scrolls
 b - a scroll of poison
 d - 4 scrolls of identify {unknown}
 f - a scroll of silence {unknown}
 j - a scroll of magic mapping {unknown}
 k - a scroll of amnesia {unknown}
 l - a scroll of fear {unknown}
 m - a scroll of brand weapon {unknown}
 r - a scroll of enchant armour {unknown}
Potions
 g - a potion of brilliance {unknown}
 h - a potion of magic {unknown}
 n - a potion of degeneration {unknown}
 q - a potion of lignification {unknown}


   Skills:
 + Level 2.3 Fighting
 + Level 5.7 Ranged Weapons
 + Level 2.8 Dodging
 + Level 1.0 Stealth
 + Level 2.0 Spellcasting
 + Level 4.1 Hexes


You had 7 spell levels left.
You knew the following spells:

 Your Spells              Type           Power      Damage    Failure   Level
a - Slow                  Hex            72%        N/A       3%          1

Your spell library contained the following spells:

 Spells                   Type           Power      Damage    Failure   Level
 Inner Flame              Hex/Fire       10%        N/A       26%         3
 Portal Projectile        Hex/Tloc       20%        N/A       26%         3
 Cause Fear               Hex            9%         N/A       36%         4
 Ozocubu's Armour         Ice            2%         N/A       54%         3
 Ozocubu's Refrigeration  Ice            1%         4d7       100%        7


Dungeon Overview and Level Annotations

Branches:
Dungeon (3/15)

Altars:
Xom


Message History

The orc priest is lightly wounded.
You shoot a sling bullet.
The sling bullet hits the orc priest but does no damage.
The orc priest is lightly wounded.
The orc priest hits you but does no damage.
You shoot a sling bullet.
The sling bullet hits the orc priest but does no damage.
The orc priest is lightly wounded.
The orc priest closely misses you.
You shoot a sling bullet.
The sling bullet barely misses the orc priest.
The orc priest hits you with a +0 falchion!
You shoot a sling bullet. The sling bullet hits the orc priest.
The orc priest is heavily wounded.
The orc priest hits you but does no damage.
You shoot a sling bullet.
The sling bullet hits the orc priest but does no damage.
The orc priest is heavily wounded.
You shoot a sling bullet.
The sling bullet hits the orc priest but does no damage.
The orc priest is heavily wounded.
The orc priest hits you with a +0 falchion.
You shoot a sling bullet.
The sling bullet barely misses the orc priest.
The orc priest closely misses you.
You shoot a sling bullet. The sling bullet hits the orc priest.
The orc priest is heavily wounded.
The orc priest casts a cantrip, but nothing happens.
You shoot a sling bullet.
The sling bullet hits the orc priest but does no damage.
The orc priest is heavily wounded.
The orc priest hits you with a +0 falchion.
You are too injured to fight recklessly!
Items here: )) [ ÷.
There is a shimmering altar of Xom, spattered with blood here.
You see here a +0 mace.
Why would you want to do that?
The orc priest calls down the wrath of Beogh upon you.
Pain shoots through your body!
You die...

#.##..........
#.##..........
#####...)........#
#.....##..........
##.....############
#.)....).)..## ####
#.#########........
##)........##......
#@≈≈≈≈≈≈≈.# ......
#≈..≈≈≈..≈# .[...
#≈.≈...≈.≈# .o...
#≈.≈._.≈.≈# ......
#≈.≈.o)≈.≈# ....
#≈..≈≈≈).≈# ....
#.≈≈≈≈≈≈≈.# ....
#.........# ....
#.#########.. ###


You could see an orc priest (slow).

Vanquished Creatures
  2 orc priests (D:3)
  4 adders (D:2)
  2 worms (D:2)
  4 dart slugs
  11 orcs
  5 bats
  3 endoplasms
  2 giant cockroaches (D:1)
  7 goblins
  2 hobgoblins
  A quokka (D:1)
  3 ball pythons
  2 frilled lizards (D:2)
  5 kobolds
  5 rats
58 creatures vanquished.

Notes
Turn   | Place    | Note
-------+----------+-------------------------------------------
     0 | D:1      | greenreed the Deep Elf Arcane Marksman began the quest for
                  | the Orb.
     0 | D:1      | Reached XP level 1. HP: 11/11 MP: 5/5
    88 | D:1      | Reached skill level 3 in Ranged Weapons
   139 | D:1      | Found a faded altar of an unknown god.
   162 | D:1      | Reached XP level 2. HP: 16/16 MP: 4/6
   482 | D:2      | Reached skill level 1 in Fighting
   863 | D:2      | Reached skill level 4 in Ranged Weapons
   863 | D:2      | Reached XP level 3. HP: 20/20 MP: 7/7
  1393 | D:2      | Reached skill level 1 in Stealth
  1393 | D:2      | Reached XP level 4. HP: 25/25 MP: 9/9
  1496 | D:2      | Identified the ring of the Moon {rCorr Stlth+}
  1766 | D:3      | Found a shimmering altar of Xom.
  1795 | D:3      | Reached skill level 5 in Ranged Weapons
  2031 | D:3      | Reached XP level 5. HP: 17/30 MP: 10/10
  2206 | D:3      | Identified the amulet of the Demon Prince {Acrobat rElec
                  | Will+ rCorr}
  2260 | D:3      | Killed from afar by an orc priest

Illustrated notes

Levels and vault maps discovered:
D:1:      heliophobic_arrival_henge, layout_basic, basic_ecumenical_altar
D:2:      layout_loops_ring, feat_on_display
D:3:      layout_rooms, mainiacjoe_overflow_paths, uniq_terence

Skill      XL: |  1  2  3  4 |
---------------+-------------+-----
Ranged Weapons | 3 4 5 |  5.7
Fighting       | 1 2 |  2.3
Spellcasting   | 2 |  2.0
Stealth        | 1 |  1.0
Dodging        | |  2.8
Hexes          | |  4.1

Action                   |  1- 3 |  4- 6 || total
-------------------------+-------+-------++-------
 Fire: Sling             |   104 |   124 ||   228
 Cast: Slow              |     5 |     6 ||    11
Armor: Robe              |     9 |     4 ||    13
Dodge: Dodged            |    15 |    32 ||    47
Block: Buckler           |       |     3 ||     3

Table legend: (Time is in decaauts)
 A = Elapsed time spent in this place.
 B = Non-inter-level travel time spent in this place.
 C = Inter-level travel time spent in this place.
 D = Time resting spent in this place.
 E = Time spent auto-exploring this place.
 F = Levels seen in this place.
 G = Mean time per level.
                   A        B        C        D        E       F      G
               +--------+--------+--------+--------+--------+-----+--------+
         Total |   2306 |   2223 |     83 |    338 |   1453 |   3 |  768.7 |
       Dungeon |   2306 |   2223 |     83 |    338 |   1453 |   3 |  768.7 |
               +--------+--------+--------+--------+--------+-----+--------+

Top non-repeatable levels by time:
     D:2: 1186 daAuts
     D:1: 664 daAuts
     D:3: 455 daAuts
